Map: Vaani Research Station (Void)

Players

llllllllllll

  • Race: Protoss Protoss
  • League: Diamond
  • Spawn Location: 12:00

Aura - Winner!

  • Race: Protoss Protoss
  • League: Diamond
  • Spawn Location: 6:00

VOD

Have the link to the VOD?

Description

Time

  • Played on: Jan. 15, 2017, 12:44 p.m.
  • Length: 7:45
Show
View Real Time Build Order
Export as new Build Order

llllllllllll Protoss 

Build Orders: Cannon Rush 

Get SALT Encoding   

  12  0:01  Probe (Chrono Boost)  
  13  0:12  Probe (Chrono Boost)  
  14  0:20  Pylon  
  14  0:25  Probe (Chrono Boost)  
  15  0:38  Probe (Chrono Boost)  
  15  0:40  Forge  
  16  0:48  Probe (Chrono Boost)  
  17  1:05  Pylon  
  17  1:23  Photon Cannon  
  17  1:25  Photon Cannon  
  17  1:27  Photon Cannon  
  17  1:38  Assimilator  
  17  1:39  Gateway  
  17  1:42  Assimilator, Probe (Chrono Boost)  
  18  1:50  Photon Cannon  
  18  1:52  Probe (Chrono Boost)  
  19  2:03  Probe (Chrono Boost)  
  20  2:14  Probe (Chrono Boost)  
  21  2:24  Probe (Chrono Boost)  
  21  2:28  Cybernetics Core  
  22  2:35  Probe (Chrono Boost)  
  23  2:47  Nexus  
  23  2:49  Warp Gate  
  23  2:59  Pylon  
  23  3:18  Stalker, Probe (Chrono Boost)  
  26  3:32  Mothership Core (Chrono Boost)  
  28  3:39  Robotics Facility  
  28  3:52  Probe (Chrono Boost)  
  29  3:57  Pylon  
  29  4:01  Pylon  
  30  4:04  Gateway, Probe (Chrono Boost)  
  30  4:10  Gateway  
  30  4:13  Sentry  
  33  4:18  Probe (Chrono Boost)  
  33  4:19  Probe (Chrono Boost)  
  34  4:29  Observer, Probe (Chrono Boost)  
  34  4:30  Probe (Chrono Boost)  
  32  4:42  Probe (Chrono Boost)  
  33  4:52  Probe (Chrono Boost)  
  34  4:53  Warp Prism  
  34  4:58  Probe (Chrono Boost)  
  37  5:08  Photon Cannon  
  37  5:17  Probe (Chrono Boost)  
  38  5:25  Adept x3  
  38  5:27  Probe (Chrono Boost)  
  42  5:37  Probe (Chrono Boost)  
  42  5:39  Probe (Chrono Boost)  
  44  5:48  Probe (Chrono Boost)  
  45  5:52  Stalker x2  
  45  5:55  Observer  
  49  6:19  Stalker x3  
  53  6:30  Probe (Chrono Boost)  
  53  6:32  Assimilator, Probe (Chrono Boost)  
  55  6:36  Assimilator  
  55  6:51  Pylon, Nexus  
  55  6:56  Probe x2 (Chrono Boost)  
  57  7:06  Probe x2 (Chrono Boost)  
  53  7:17  Twilight Council, Probe x2 (Chrono Boost)  
  53  7:20  Observer  
  56  7:27  Probe x2 (Chrono Boost)  
  56  7:28  Adept  
Show
View Real Time Build Order
Export as new Build Order

Aura Protoss - Winner!

Build Orders: Oracle Opening 

Get SALT Encoding   

  12  0:02  Probe (Chrono Boost)  
  13  0:13  Probe (Chrono Boost)  
  14  0:20  Pylon  
  14  0:23  Probe (Chrono Boost)  
  15  0:39  Probe (Chrono Boost)  
  15  0:40  Forge  
  16  0:49  Probe (Chrono Boost)  
  17  1:00  Probe (Chrono Boost)  
  17  1:03  Gateway  
  18  1:13  Photon Cannon  
  18  1:15  Probe (Chrono Boost)  
  19  1:21  Assimilator  
  19  1:31  Photon Cannon  
  19  1:39  Assimilator  
  19  1:48  Probe (Chrono Boost)  
  19  1:51  Zealot  
  22  1:55  Cybernetics Core  
  22  1:58  Probe (Chrono Boost)  
  23  2:16  Pylon  
  23  2:21  Probe (Chrono Boost)  
  23  2:24  Warp Gate  
  23  2:36  Probe (Chrono Boost)  
  24  2:48  Stargate, Probe (Chrono Boost)  
  25  2:54  Pylon  
  25  3:00  Probe (Chrono Boost)  
  25  3:05  Stalker  
  28  3:21  Nexus  
  28  3:27  Oracle  
  31  3:38  Adept  
  34  3:42  Probe (Chrono Boost)  
  34  3:49  Stargate  
  34  4:04  Phoenix, Probe (Chrono Boost)  
  34  4:06  Assimilator  
  37  4:23  Probe (Chrono Boost)  
  38  4:25  Pylon  
  38  4:37  Probe (Chrono Boost)  
  40  4:38  Probe (Chrono Boost)  
  40  4:48  Void Ray  
  41  4:53  Probe (Chrono Boost)  
  41  4:55  Probe (Chrono Boost)  
  41  4:59  Photon Cannon  
  46  5:01  Assimilator  
  46  5:05  Probe (Chrono Boost)  
  47  5:12  Probe (Chrono Boost)  
  48  5:15  Void Ray  
  48  5:17  Probe (Chrono Boost)  
  53  5:24  Protoss Air Weapons Level 1, Probe (Chrono Boost)  
  54  5:32  Void Ray  
  54  5:38  Probe (Chrono Boost)  
  59  5:49  Probe (Chrono Boost)  
  62  5:50  Pylon  
  62  5:52  Mothership Core (Chrono Boost)  
  62  6:09  Void Ray  
  62  6:10  Adept, Probe (Chrono Boost)  
  64  6:11  Probe (Chrono Boost)  
  65  6:22  Probe (Chrono Boost)  
  65  6:24  Probe (Chrono Boost)  
  68  6:34  Probe (Chrono Boost)  
  68  6:36  Probe (Chrono Boost)  
  69  6:46  Probe (Chrono Boost)  
  70  7:10  Pylon  
  70  7:11  Pylon  
  70  7:15  Pylon  
  70  7:26  Pylon  
  80  7:30  Probe x2 (Chrono Boost)  
Tags
 
Add a new tag
Caveats
  • Supply blocks, unpowered buildings, or Contaminate may cause inaccurate times.
  • Supply counts are checked every 10 seconds.